 Dungeon Crawl Stone Soup version 0.15-a0-35-ga771cbd (webtiles) character file.

356 Psiweapon the Insei (level 5, 0/37 HPs)
             Began as a Demonspawn Transmuter on Apr 2, 2014.
             Slain by an orc
             ... wielding a +0,+0 whip
              (7 damage)
             ... on Level 5 of the Dungeon.
             The game lasted 00:12:33 (2876 turns).

Psiweapon the Insei (Demonspawn Transmuter)         Turns: 2876, Time: 00:12:33

HP   0/37        AC  8     Str 10      XL: 5   Next: 33%
MP  18/18        EV 11     Int 15      God:
Gold 177         SH  6     Dex 14      Spells:  2 memorised,  5 levels left

rFire  . . .     SeeInvis .       - Unarmed
rCold  . . .     Clarity  .     t - +0 leather armour
rNeg   . . .     Conserve .     (no shield)
rPois  .         rCorr    .     (no helmet)
rElec  .         rRot     .     u - +0 cloak
SustAb . .       Spirit   .     (no gloves)
rMut   .         Warding  .     (no boots)
Saprov . . .     Stasis   .     (no amulet)
MR     .....                    (no ring)
                                A - ring of magical power

@: not resistant to hostile enchantments, unstealthy
A: large bone plates 3, demonic guardian 1
a: no special abilities


You were on level 5 of the Dungeon.
You were very hungry.

You visited 1 branch of the dungeon, and saw 5 of its levels.

You collected 177 gold pieces.

Inventory:

Hand weapons
 l - a +2,+1 spear of flaming
Missiles
 b - 36 arrows
 g - a poisoned dart (quivered)
 p - 25 darts
Armour
 c - a +0 robe
 t - a +0 leather armour (worn)
 u - a +0 cloak (worn)
 w - a +0 buckler
 y - a +0 pair of boots
Magical devices
 s - a wand of cold (10)
Comestibles
 a - 3 bread rations
 r - 2 meat rations
Scrolls
 e - a scroll of magic mapping {unknown}
 h - 3 scrolls of fog {unknown}
 i - 7 scrolls of identify {unknown}
 k - a scroll of teleportation {unknown}
 n - 2 scrolls of random uselessness {unknown}
 q - 3 scrolls of remove curse {unknown}
 v - a scroll of recharging {unknown}
 x - a scroll of immolation {unknown}
 C - a scroll of enchant weapon II {unknown}
Jewellery
 A - a ring of magical power (left hand)
Potions
 f - a potion of restore abilities {unknown}
 j - a potion of brilliance {unknown}
 o - 2 potions of curing {unknown}
 z - a potion of might {unknown}
 B - a potion of berserk rage {unknown}
Books
 d - a book of Changes

   Spells                             Type                      Level
   *Beastly Appendage                 Transmutation                1
   *Sticks to Snakes                  Transmutation                2
   Spider Form                        Transmutation/Poison         3
   Ice Form                           Ice/Transmutation            4
   Blade Hands                        Transmutation                5


   Skills:
 - Level 1.0 Fighting
 - Level 1.9 Dodging
 + Level 4.3 Unarmed Combat
 - Level 2.2 Spellcasting
 + Level 3.5 Transmutations


You had 5 spell levels left.
You knew the following spells:

 Your Spells              Type           Power        Failure   Level  Hunger
a - Beastly Appendage     Trmt           ##....       6%          1    #......
b - Sticks to Snakes      Trmt           ##........   10%         2    ###....


Dungeon Overview and Level Annotations

Branches:
Dungeon (5/15)
 Temple: D:4-7

Altars:
Elyvilon
Zin
The Shining One
Beogh


Innate Abilities, Weirdness & Mutations

You are completely covered in large bone plates (AC +4, SH +6).
A weak demonic guardian rushes to your aid.


Message History

You pummel the orc like a punching bag!
You annihilate the orc!!!
The orc closely misses you!
The quokka bites you but does no damage!
You pummel the orc but do no damage! The quokka closely misses you!
The orc hits you with a whip!
* * * LOW HITPOINT WARNING * * *
You squash the orc but do no damage!
The quokka closely misses you! You block the orc's attack!
You pulverise the orc!
The orc is heavily wounded!
The quokka bites you but does no damage!
The orc misses you!
You squash the orc but do no damage!
The orc is heavily wounded!
The quokka bites you but does no damage!
You barely miss the orc!
The orc is heavily wounded!
The orc hits you with a whip!!!
You die!!!

####################
.....................
........<............
......................
...........o@........
...........)r........
....................
...................
..................
####........####
#........# #........#
#........


You could see an orc and a quokka.

Vanquished Creatures
  An orc priest (D:3)
  2 orc wizards
  3 adders
  2 oozes (D:1)
  6 orcs
  3 bats
  2 giant cockroaches (D:3)
  7 goblins
  7 hobgoblins
  8 kobolds
  4 quokkas
  A ball python (D:2)
  2 giant geckos
  3 giant newts
  6 jackals
  6 rats
63 creatures vanquished.

Vanquished Creatures (others)
  A crimson imp (D:4)
  2 ufetubi (D:4)
  A giant cockroach (D:1)
4 creatures vanquished.

Grand Total: 67 creatures vanquished

Notes
Turn   | Place    | Note
--------------------------------------------------------------
     0 | D:1      | Psiweapon, the Demonspawn Transmuter, began the quest for the Orb.
     0 | D:1      | Reached XP level 1. HP: 15/15 MP: 3/3
   114 | D:1      | Gained mutation: You are partially covered in large bone plates (AC +2, SH +2). [demonic ancestry]
   114 | D:1      | Reached XP level 2. HP: 9/21 MP: 4/4
   629 | D:1      | Reached skill level 3 in Unarmed Combat
   840 | D:2      | Gained mutation: You are mostly covered in large bone plates (AC +3, SH +4). [demonic ancestry]
   840 | D:2      | Reached XP level 3. HP: 17/26 MP: 4/6
  1106 | D:2      | Learned a level 2 spell: Sticks to Snakes
  1503 | D:2      | Found a glowing golden altar of the Shining One.
  1503 | D:2      | Found a glowing silver altar of Zin.
  1503 | D:2      | Found a white marble altar of Elyvilon.
  1809 | D:4      | Noticed an ogre
  1821 | D:3      | Gained mutation: You are completely covered in large bone plates (AC +4, SH +6). [demonic ancestry]
  1821 | D:3      | Reached XP level 4. HP: 14/32 MP: 5/7
  2348 | D:3      | Found a roughly hewn altar of Beogh.
  2349 | D:3      | Reached skill level 4 in Unarmed Combat
  2383 | D:3      | Gained mutation: A weak demonic guardian rushes to your aid. [demonic ancestry]
  2383 | D:3      | Reached XP level 5. HP: 10/37 MP: 9/9
  2812 | D:4      | Noticed an ice beast
  2850 | D:5      | Entered Level 5 of the Dungeon
  2876 | D:5      | Slain by an orc

Action                   |  1- 3 |  4- 6 || total
-------------------------+-------+-------++-------
Melee: Unarmed           |   164 |    89 ||   253
Throw: Dart              |       |     3 ||     3
 Cast: Beastly Appendage |    25 |    14 ||    39
Evoke: Wand              |       |     2 ||     2
